Map: Lightshade LE

Players

HeroMarine - Winner!

  • Race: Terran Terran

MarineLorD

  • Race: Terran Terran
  • League: Master

Event: DreamHack SC2 Masters 2021 Fall

VOD

Have the link to the VOD?

Description

Time

  • Played on: Aug. 13, 2021, 1:58 p.m.
  • Length: 32:44

All games in this series

Show
View Real Time Build Order
Export as new Build Order

HeroMarine Terran - Winner!

Build Orders: Cyclone Opening 

Get SALT Encoding   

  12  0:00  SCV  
  13  0:12  SCV  
  14  0:16  Supply Depot  
  14  0:24  SCV  
  15  0:38  SCV, Barracks  
  16  0:44  Refinery  
  16  0:50  SCV  
  16  0:53  Refinery  
  17  1:02  SCV  
  18  1:14  SCV  
  20  1:25  Reaper  
  20  1:26  Orbital Command  
  20  1:28  Supply Depot  
  20  1:42  Factory  
  20  1:52  SCV  
  21  1:57  Reaper  
  22  2:04  SCV  
  23  2:16  SCV  
  23  2:21  Command Center  
  24  2:25  Factory Tech Lab  
  24  2:28  SCV  
  25  2:30  Barracks Reactor  
  25  2:34  Supply Depot  
  25  2:43  Cyclone  
  28  2:45  SCV  
  29  2:58  SCV  
  30  2:59  Starport  
  30  3:08  Marine x2  
  30  3:10  SCV  
  31  3:18  Refinery  
  31  3:19  Cyclone  
  34  3:22  SCV  
  34  3:26  Marine x2  
  37  3:34  SCV  
  36  3:43  Orbital Command  
  36  3:46  Marine x2  
  37  3:48  Medivac  
  37  3:54  SCV  
  37  4:03  Marine  
  37  4:04  Marine  
  37  4:06  SCV  
  40  4:10  SCV  
  40  4:11  Factory Tech Lab  
  41  4:18  SCV  
  41  4:21  Marine x2  
  41  4:22  SCV  
  45  4:27  Supply Depot  
  45  4:29  Raven  
  45  4:30  Siege Tank  
  50  4:32  SCV  
  50  4:35  SCV  
  52  4:39  Marine x2  
  54  4:48  SCV x2  
  51  4:57  Marine x2, Supply Depot  
  53  5:00  SCV x2  
  53  5:02  Siege Tank  
  58  5:13  SCV x2  
  60  5:17  Supply Depot  
  60  5:19  Viking x2  
  64  5:25  SCV x2  
  64  5:26  Supply Depot, Stimpack  
  66  5:34  Siege Tank  
  69  5:37  SCV  
  69  5:38  Marine  
  69  5:39  SCV  
  72  5:49  SCV  
  73  5:50  Viking  
  73  5:51  SCV, Viking  
  73  5:57  Marine  
  78  6:00  Supply Depot  
  78  6:01  SCV  
  78  6:03  SCV  
  81  6:06  Siege Tank  
  84  6:13  SCV  
  84  6:15  SCV  
  86  6:22  Viking x2  
  86  6:28  Marine  
  86  6:32  Command Center  
  82  6:33  SCV x2  
  82  6:39  Siege Tank  
  80  6:44  Refinery  
  81  6:47  Marine  
  76  6:54  Viking x2  
  76  6:59  SCV  
  76  7:00  SCV  
  80  7:03  Supply Depot  
  80  7:05  Marine, Barracks  
  80  7:06  Barracks  
  81  7:11  SCV, Siege Tank  
  81  7:12  SCV  
  86  7:21  Engineering Bay x2  
  86  7:23  Marine, SCV  
  86  7:24  SCV  
  86  7:28  Viking x2  
  93  7:35  SCV  
  93  7:36  SCV  
  95  7:41  Marine  
  96  7:46  Orbital Command, Siege Tank  
  96  7:48  SCV x2  
  101  7:55  Terran Infantry Weapons Level 1  
  101  7:56  Sensor Tower  
  98  8:00  Barracks Reactor, SCV x2  
  98  8:04  Barracks Reactor, Barracks x2  
  100  8:07  Refinery  
  100  8:08  Refinery  
  100  8:12  Marine, SCV x2  
  103  8:19  SCV  
  104  8:22  Terran Infantry Armor Level 1  
  104  8:23  Command Center  
  104  8:24  SCV x2  
  104  8:25  Siege Tank  
  109  8:31  SCV  
  110  8:36  SCV, Medivac  
  110  8:37  Marine x3  
  110  8:40  Supply Depot x2  
  116  8:41  Supply Depot  
  116  8:42  Marine, Combat Shield  
  116  8:46  Supply Depot  
  117  8:49  Marine  
  117  8:52  Barracks Reactor, Missile Turret  
  117  8:53  Barracks Reactor  
  117  8:55  Missile Turret  
  117  9:01  Marine x3, SCV x3  
  123  9:03  Siege Tank  
  126  9:11  Marine x2  
  126  9:12  Medivac x2  
  132  9:18  Supply Depot, Armory  
  132  9:19  Marine x3, Supply Depot, SCV  
  132  9:20  SCV x2  
  138  9:29  Marine x2  
  140  9:31  Marine x2  
  140  9:32  Marine x2  
  140  9:37  Marine x3  
  140  9:38  SCV x3  
  147  9:46  Siege Tank  
  147  9:47  Marine x2, Medivac x2  
  147  9:49  Marine x4  
  160  9:54  Marine x3  
  154  10:04  SCV  
  154  10:05  Marine x2, SCV x2  
  145  10:07  Marine x4  
  145  10:12  Marine x3  
  141  10:16  Planetary Fortress  
  141  10:18  SCV x2  
  141  10:19  SCV  
  143  10:22  Marine  
  143  10:23  Marine  
  143  10:25  Marine x4  
  149  10:30  Marine x3, SCV  
  149  10:31  SCV x2, Terran Vehicle Weapons Level 1  
  155  10:35  Terran Infantry Armor Level 2, Terran Infantry Weapons Level 2  
  155  10:40  Marine x2  
  158  10:42  SCV  
  158  10:43  Marine x3  
  158  10:44  Marine  
  158  10:48  Marine x3  
  157  10:52  Siege Tank  
  157  10:55  Viking  
  153  10:58  Marine x2  
  153  11:01  Marine x3  
  153  11:02  Marine  
  153  11:03  Liberator  
  162  11:06  Marine x3  
  165  11:14  Factory  
  165  11:16  Marine x2  
  146  11:18  Marine  
  146  11:19  Marine x2  
  146  11:20  Marine  
  146  11:23  Marine x3  
  146  11:24  Siege Tank  
  146  11:25  Liberator  
  135  11:34  Marine x2  
  135  11:36  Marine x3  
  135  11:37  Marine  
  140  11:41  Marine x2  
  140  11:43  Refinery  
  140  11:47  Refinery  
  143  11:51  Marine  
  143  11:52  Marine  
  143  11:53  Starport x2  
  144  11:54  Marine x3  
  144  11:55  Marine  
  144  11:56  Siege Tank  
  144  11:58  Viking  
  144  11:59  Marine x2  
  155  12:01  Barracks Reactor  
  155  12:07  Siege Tank  
  155  12:08  Viking  
  160  12:09  Marine x2  
  160  12:12  Marine x3  
  165  12:20  Supply Depot  
  167  12:24  Supply Depot  
  167  12:26  Supply Depot  
  167  12:27  Marine  
  167  12:28  Viking, Siege Tank  
  172  12:34  Armory, Terran Ship Weapons Level 1  
  171  12:38  Viking  
  171  12:39  Siege Tank  
  171  12:43  Command Center  
  176  12:46  Viking x2  
  176  12:49  Viking  
  179  12:55  Viking  
  179  12:56  Sensor Tower  
  181  12:59  Viking  
  179  13:08  Viking  
  181  13:13  Terran Infantry Weapons Level 3  
  181  13:16  Viking x2  
  181  13:17  Terran Infantry Armor Level 3  
  185  13:26  Liberator  
  194  13:28  Terran Vehicle And Ship Armor Level 1  
  194  13:33  Barracks Reactor, Marine x2  
  190  13:38  Command Center  
  190  13:46  Missile Turret x2  
  190  13:47  Missile Turret  
  190  13:49  Viking x2  
  190  13:50  Viking  
  188  14:13  Refinery  
  188  14:15  Sensor Tower  
  188  14:16  Missile Turret  
  187  14:17  Refinery, Missile Turret  
  185  14:24  Planetary Fortress  
  185  14:26  Siege Tank x2, Liberator x2  
  185  14:27  Marine, Liberator  
  185  14:28  Marine x4  
  185  14:30  Marine x3  
  169  14:32  Marine  
  143  14:39  Liberator  
  143  14:45  Marine x2  
  146  14:47  Fusion Core  
  146  14:50  SCV x2  
  152  14:53  Orbital Command  
  152  14:56  Sensor Tower  
  152  14:58  Medivac  
  127  15:00  Medivac  
  152  15:04  Siege Tank  
  157  15:08  Siege Tank  
  157  15:12  Viking  
  162  15:15  Viking  
  164  15:21  Viking  
  164  15:23  Viking  
  164  15:28  Viking  
  170  15:30  Barracks Reactor  
  170  15:33  Advanced Ballistics  
  170  15:39  Missile Turret  
  170  15:40  Viking  
  170  15:42  Viking  
  174  15:46  Viking  
  176  15:50  Siege Tank  
  176  15:51  Viking  
  176  15:55  Siege Tank  
  184  15:58  Missile Turret  
  184  16:00  Terran Ship Weapons Level 2  
  184  16:02  Terran Vehicle And Ship Armor Level 2  
  183  16:06  Viking x2  
  183  16:08  Marine x2  
  183  16:09  Marine  
  189  16:13  Viking  
  189  16:15  Viking  
  193  16:19  Viking  
  194  16:28  Command Center  
  194  16:37  Hi-Sec Auto Tracking  
  199  16:42  Command Center  
  199  16:43  Missile Turret  
  197  16:51  Viking x2  
  197  16:52  Smart Servos  
  197  16:53  Viking x2  
  195  16:57  Viking x2  
  164  17:21  Viking x2  
  164  17:22  Siege Tank  
  168  17:23  Marine x2, Siege Tank  
  168  17:24  Marine x7  
  168  17:26  Marine  
  168  17:29  Neosteel Armor  
  181  17:41  Marine x2  
  181  17:42  Marine x6  
  181  17:44  Marine x2  
  189  17:45  Refinery x2, Viking  
  189  17:50  Viking x2  
  189  17:54  Siege Tank  
  173  17:59  Marine x2  
  173  18:00  Marine x5  
  173  18:02  Marine  
  173  18:03  Marine  
  173  18:04  Marine  
  155  18:14  Medivac x2  
  155  18:16  Marine  
  155  18:18  Marine, Siege Tank  
  164  18:20  Marine  
  164  18:22  Marine x2  
  164  18:24  Marine  
  157  18:28  Viking  
  157  18:32  Viking  
  154  18:36  Marine  
  154  18:41  Planetary Fortress  
  144  18:43  Marine  
  144  18:44  Marine  
  144  18:48  Siege Tank  
  149  18:51  Marine x2  
  149  18:53  Marine  
  149  18:55  Marine x2  
  149  18:57  Marine  
  154  19:07  Medivac x2  
  154  19:09  Siege Tank  
  159  19:17  Viking x2, Liberator x2  
  153  19:28  Siege Tank  
  150  19:36  Viking  
  150  19:37  Viking  
  151  19:41  Marine, Siege Tank  
  155  19:47  Viking x2  
  155  19:50  Marine  
  160  19:54  Marine x2  
  160  19:55  Marine  
  160  19:57  Marine x2  
  164  20:00  Viking, Medivac, Siege Tank  
  164  20:06  Medivac  
  164  20:07  Viking  
  174  20:08  Missile Turret  
  174  20:10  Orbital Command  
  174  20:14  Siege Tank  
  177  20:15  Terran Vehicle And Ship Armor Level 3  
  177  20:19  Terran Ship Weapons Level 3  
  177  20:23  Marine x3  
  177  20:25  Marine x2  
  177  20:34  Marine x2, Siege Tank  
  171  20:39  Marine x3  
  171  20:40  Marine  
  156  20:54  Viking  
  151  20:59  Viking  
  151  21:01  Viking  
  150  21:07  Viking x2  
  150  21:08  Viking  
  156  21:15  Marine x2  
  156  21:16  Missile Turret  
  158  21:20  Orbital Command  
  158  21:23  Siege Tank x2  
  175  21:40  Liberator x5  
  175  21:41  Liberator  
  175  21:44  Marine x2  
  175  21:45  Marine x3  
  175  21:46  Marine  
  188  21:51  Marine x2  
  188  21:52  Marine x2  
  192  22:07  Marine  
  192  22:08  Marine x2  
  193  22:09  Siege Tank  
  193  22:10  Siege Tank  
  193  22:11  Missile Turret  
  194  22:26  Viking x3  
  194  22:27  Viking, Sensor Tower  
  194  22:29  Viking  
  182  22:37  SCV x2  
  182  22:38  SCV x2  
  182  22:41  SCV x2  
  188  23:02  Viking x2  
  188  23:03  Siege Tank  
  190  23:06  Liberator  
  193  23:13  Viking  
  195  23:20  Orbital Command  
  195  23:21  Viking  
  194  23:31  Viking  
  194  23:32  Viking x2  
  139  23:43  Viking  
  139  23:46  Marine, Siege Tank  
  141  23:49  Liberator  
  141  23:50  Siege Tank  
  146  24:00  Liberator x2  
  150  24:08  Viking  
  150  24:09  Missile Turret x2  
  153  24:11  Viking  
  154  24:17  Liberator  
  154  24:21  Starport  
  154  24:23  Refinery  
  157  24:25  Refinery  
  157  24:26  Marine  
  157  24:27  Marine x4  
  157  24:28  Marine  
  163  24:32  Liberator  
  172  24:47  Viking x2, Liberator x2  
  172  24:48  Marine x2  
  172  24:49  Marine x5  
  172  24:50  Marine x3  
  186  24:57  Liberator  
  189  25:06  Marine x4  
  189  25:07  Marine, Viking  
  191  25:19  Viking x2  
  191  25:20  Viking  
  191  25:21  SCV x2  
  191  25:28  Marine x2  
  191  25:35  Marine x2  
  191  25:39  Viking  
  191  25:40  Viking  
  195  25:46  Viking  
  182  25:56  Viking  
  160  26:01  Viking  
  160  26:03  Starport Tech Lab  
  153  26:08  Viking  
  155  26:14  Viking  
  155  26:17  SCV  
  159  26:18  SCV  
  159  26:20  SCV  
  159  26:22  SCV  
  159  26:24  SCV  
  162  26:26  SCV  
  162  26:30  SCV x4  
  162  26:32  SCV  
  168  26:36  Raven  
  168  26:38  Liberator  
  173  26:42  Siege Tank  
  173  26:45  Siege Tank  
  179  26:56  Viking  
  179  26:58  Viking x3  
  187  27:01  Viking  
  192  27:18  Raven  
  192  27:21  Viking  
  187  27:22  Siege Tank x2  
  187  27:23  Marine x7  
  187  27:25  Marine  
  187  27:26  Viking  
  189  28:02  Viking x2, Siege Tank x2  
  189  28:03  Viking x3  
  189  28:05  Viking x2  
  198  28:07  Marine  
  198  28:11  Marine  
  200  28:14  Marine  
  200  28:16  Marine x2  
  196  28:23  Marine x2  
  196  28:25  Marine x3  
  197  28:27  Marine  
  197  28:29  Marine  
  199  28:36  Marine  
  193  28:43  Liberator x2  
  193  28:47  Liberator  
  193  28:48  Liberator  
  196  28:58  Viking  
  199  29:03  Viking x2  
  200  29:20  Marine x2  
  200  29:22  Marine x6  
  200  29:23  Marine  
  167  29:24  Marine  
  167  29:27  Liberator  
  167  29:30  Liberator  
  157  29:38  Marine x2  
  154  29:39  Marine  
  154  29:40  Marine x6  
  154  29:42  Liberator  
  154  29:44  Marine  
  166  29:50  Viking  
  168  29:55  Viking  
  168  29:58  Marine x2  
  172  30:00  Marine  
  172  30:04  Viking  
  172  30:06  Marine x2  
  177  30:09  Marine x5  
  182  30:15  Marine  
  182  30:16  Marine  
  182  30:18  Marine  
  182  30:23  Marine  
  182  30:24  Marine  
  182  30:26  Marine  
  182  30:27  Marine, Liberator  
  171  30:30  Liberator  
  168  30:38  Marine x2  
  168  30:42  Viking  
  172  30:48  Viking  
  174  30:53  Marine x5  
  174  30:56  Viking  
  181  30:59  Viking  
  181  31:02  Marine x2  
  181  31:03  Marine x2  
  185  31:19  Marine x2  
  185  31:20  Marine x2  
  187  31:27  Viking x2  
  187  31:28  Viking x2  
  187  31:31  Marine x2  
  166  31:37  Viking  
  166  31:39  Marine  
  159  31:42  Marine x2  
  161  31:48  Marine x2  
  161  31:51  Marine  
  161  31:52  Marine x3  
  167  31:57  Siege Tank  
  170  32:03  Marine x3  
  170  32:06  Marine  
  174  32:10  Marine x3  
  174  32:12  Marine  
  178  32:18  Marine x2  
  178  32:21  Marine x2  
  182  32:22  Marine  
Show
View Real Time Build Order
Export as new Build Order

MarineLorD Terran 

Build Orders:  

Get SALT Encoding   

  12  0:00  SCV  
  13  0:12  SCV  
  14  0:17  Supply Depot  
  14  0:24  SCV  
  15  0:38  SCV  
  15  0:39  Barracks  
  16  0:43  Refinery  
  16  0:50  SCV  
  16  0:52  Refinery  
  17  1:03  SCV  
  18  1:15  SCV  
  19  1:27  Reaper, Orbital Command  
  19  1:28  Supply Depot  
  20  1:40  Factory  
  20  1:52  SCV  
  21  1:59  Reaper  
  22  2:04  SCV  
  23  2:17  SCV  
  23  2:21  Command Center  
  24  2:25  Hellion  
  24  2:29  SCV  
  27  2:31  Reaper  
  28  2:39  Supply Depot  
  28  2:41  SCV  
  29  2:46  Hellion  
  31  2:56  SCV  
  31  3:02  Starport  
  30  3:08  SCV  
  30  3:12  Barracks Tech Lab, Factory Tech Lab  
  31  3:19  Supply Depot  
  31  3:22  SCV  
  32  3:32  Cyclone  
  35  3:34  SCV  
  35  3:46  SCV  
  33  3:59  Barracks Reactor  
  33  4:01  SCV, Orbital Command  
  31  4:02  Refinery  
  31  4:04  Siege Tank  
  34  4:13  SCV  
  34  4:14  Raven  
  37  4:25  SCV  
  37  4:27  SCV  
  39  4:37  SCV, Command Center  
  40  4:39  SCV  
  41  4:49  SCV  
  41  4:51  SCV  
  43  4:57  Raven  
  43  4:58  Marine x2  
  47  5:01  SCV  
  47  5:03  SCV  
  49  5:07  Siege Tank  
  49  5:11  Refinery  
  49  5:13  SCV  
  53  5:15  SCV  
  53  5:16  Marine x2  
  56  5:21  Supply Depot  
  56  5:26  SCV  
  56  5:27  SCV, Supply Depot  
  58  5:38  SCV  
  58  5:39  Siege Tank  
  62  5:43  SCV  
  62  5:47  Viking x2  
  62  5:48  Marine, Stimpack  
  68  5:50  SCV, Orbital Command  
  68  5:55  SCV  
  70  6:02  SCV  
  71  6:07  SCV  
  72  6:19  SCV  
  72  6:20  SCV  
  72  6:25  Viking x2  
  76  6:26  SCV  
  76  6:31  SCV  
  76  6:35  SCV, Barracks, Engineering Bay x2  
  76  6:37  Barracks  
  76  6:38  Siege Tank  
  80  6:43  SCV  
  82  6:50  SCV  
  82  6:55  Viking x2, SCV  
  82  6:56  Marine  
  88  7:04  Orbital Command, Terran Infantry Weapons Level 1, Barracks  
  88  7:05  Terran Infantry Armor Level 1, Barracks  
  88  7:09  SCV x2  
  88  7:14  Siege Tank  
  93  7:20  Supply Depot  
  93  7:24  Supply Depot  
  93  7:25  Barracks Reactor  
  93  7:26  Supply Depot  
  93  7:29  SCV x2  
  96  7:30  SCV  
  96  7:33  Barracks Reactor  
  94  7:41  Marine  
  94  7:43  Medivac x2  
  99  7:47  Refinery x2, SCV x3  
  99  7:49  Sensor Tower  
  102  7:53  Siege Tank  
  102  7:56  Barracks Reactor  
  105  7:59  SCV x2  
  105  8:01  Supply Depot  
  105  8:02  SCV  
  105  8:03  Barracks Reactor  
  105  8:04  Marine x3  
  111  8:11  SCV  
  112  8:13  Marine x2, Combat Shield  
  114  8:22  Marine x3, Armory  
  114  8:23  Supply Depot  
  117  8:27  Command Center  
  117  8:28  SCV  
  117  8:29  SCV  
  119  8:35  Marine x4  
  119  8:39  Marine x2, Siege Tank  
  119  8:40  Marine x2  
  130  8:43  Marine  
  130  8:48  Supply Depot  
  131  8:50  Supply Depot, Medivac x2  
  131  8:53  Marine x3  
  138  8:59  Marine x3  
  141  9:07  Supply Depot  
  141  9:08  Supply Depot  
  141  9:09  Marine x3, Missile Turret  
  144  9:14  Marine x3  
  144  9:15  Terran Infantry Armor Level 2, Terran Infantry Weapons Level 2  
  144  9:17  Terran Vehicle Weapons Level 1  
  147  9:18  Marine  
  147  9:23  Marine x2  
  150  9:26  Viking  
  150  9:27  Marine x2  
  150  9:28  Viking  
  157  9:33  Siege Tank  
  157  9:34  Marine  
  157  9:35  Marine x2  
  162  9:39  Marine  
  162  9:42  Marine x3  
  165  9:50  Marine x2  
  165  9:52  Marine x3  
  167  9:57  Marine  
  168  10:00  Marine x3  
  168  10:03  Viking  
  167  10:07  Marine x2  
  167  10:08  Siege Tank  
  167  10:10  Marine x3  
  167  10:13  SCV x2  
  165  10:15  Marine  
  165  10:16  Planetary Fortress  
  165  10:17  Marine  
  165  10:18  Marine  
  169  10:25  Marine x2  
  169  10:28  Marine x3  
  166  10:29  Factory  
  166  10:30  Viking  
  166  10:33  Marine  
  172  10:35  Marine x2  
  172  10:36  Barracks Reactor  
  172  10:41  Siege Tank  
  175  10:43  Marine x2  
  175  10:46  Viking  
  175  10:47  Marine x2  
  175  10:48  Marine  
  176  10:51  Marine  
  176  10:53  Marine x2  
  173  11:00  Viking  
  173  11:01  Marine x2  
  177  11:04  Marine  
  177  11:05  Marine  
  177  11:06  Marine  
  177  11:09  Marine  
  177  11:11  Marine x2  
  181  11:12  Marine  
  181  11:13  Siege Tank  
  181  11:15  Starport x2  
  181  11:16  Viking  
  181  11:17  Marine  
  178  11:19  Marine x2  
  178  11:22  Marine  
  178  11:23  Marine  
  178  11:24  Marine  
  154  11:26  Marine  
  154  11:29  Marine x2  
  154  11:30  Marine  
  136  11:33  Siege Tank  
  136  11:34  Viking  
  136  11:35  Marine  
  136  11:36  Marine  
  136  11:37  Marine  
  138  11:40  Marine  
  138  11:41  Marine  
  138  11:42  Marine, SCV x3  
  138  11:43  SCV  
  138  11:44  Marine  
  138  11:46  Viking, Terran Infantry Weapons Level 3, Terran Infantry Armor Level 3  
  138  11:47  Marine x2  
  146  11:48  Marine  
  146  11:53  Marine  
  150  11:54  Marine  
  150  11:57  Starport Tech Lab x2  
  151  12:03  Refinery x2  
  151  12:04  Command Center  
  151  12:05  Marine x2  
  151  12:06  Marine  
  151  12:08  Marine x2, Sensor Tower  
  154  12:13  Siege Tank  
  159  12:17  Marine x3  
  162  12:23  Siege Tank  
  162  12:24  Marine  
  162  12:29  Corvid Reactor, Raven  
  168  12:30  Raven  
  168  12:34  Marine x3  
  168  12:36  Viking x2  
  177  12:43  Marine x2  
  179  12:46  Siege Tank  
  179  12:48  Terran Vehicle Weapons Level 2  
  180  12:51  Missile Turret  
  180  12:52  SCV  
  180  12:53  SCV x2, Missile Turret  
  180  12:54  SCV  
  184  13:05  SCV x2  
  185  13:15  Command Center  
  185  13:18  Viking x2  
  185  13:19  Raven x2  
  190  13:33  Command Center  
  190  13:42  Starport  
  190  13:43  Starport  
  190  13:48  Viking, Liberator  
  190  13:51  Refinery x2  
  194  13:57  Armory  
  194  13:58  Fusion Core  
  194  13:59  Planetary Fortress  
  194  14:09  Viking x2  
  197  14:18  Viking  
  197  14:23  Neosteel Armor, Hi-Sec Auto Tracking  
  192  14:30  Marine  
  159  14:33  Marine x2  
  159  14:34  Marine, Viking  
  159  14:35  Marine  
  131  14:38  Marine x3  
  131  14:39  Marine, Viking  
  131  14:42  Marine  
  131  14:44  Raven  
  134  14:45  Starport Reactor x2  
  134  14:48  Marine, Planetary Fortress  
  134  14:51  Marine x2, Missile Turret  
  134  14:52  Marine x2  
  137  14:53  Planetary Fortress  
  137  14:56  SCV x4, Missile Turret  
  143  15:03  Missile Turret  
  143  15:04  Siege Tank x2  
  143  15:06  Viking  
  151  15:08  SCV  
  151  15:10  Viking  
  154  15:16  Terran Vehicle And Ship Armor Level 1, Terran Ship Weapons Level 1  
  154  15:23  Refinery x2  
  154  15:26  Sensor Tower  
  154  15:29  Raven  
  154  15:32  Viking x3  
  162  15:40  Command Center  
  162  15:51  Refinery, Viking x4  
  168  16:12  Raven  
  168  16:14  SCV  
  168  16:17  SCV x2  
  172  16:28  Raven  
  172  16:30  Viking x4  
  172  17:04  Viking x5  
  172  17:05  Viking  
  149  17:10  Siege Tank x2  
  149  17:11  Viking  
  149  17:12  Viking  
  149  17:13  Marine x4  
  149  17:14  Marine  
  146  17:20  Marine x3  
  146  17:21  Marine x2  
  146  17:23  Orbital Command  
  146  17:28  Command Center  
  146  17:29  Command Center  
  144  17:31  Marine  
  144  17:32  Command Center  
  144  17:34  Viking x3, Liberator  
  154  17:38  Marine x3  
  154  17:39  Marine  
  154  17:40  Marine  
  154  17:41  Raven x2  
  154  17:42  Siege Tank x2  
  154  17:43  Marine  
  149  18:03  Marine x3  
  149  18:04  Marine x4  
  135  18:05  Liberator x2  
  135  18:12  Marine x2  
  131  18:14  Siege Tank  
  127  18:24  Liberator x2  
  127  18:26  Siege Tank  
  131  18:27  Marine x6  
  131  18:28  Marine x2  
  131  18:29  Marine  
  131  18:30  Marine  
  127  18:44  SCV x2  
  127  18:45  Marine x7  
  127  18:46  Orbital Command, Siege Tank  
  127  18:48  SCV, Liberator x2  
  138  18:50  Marine  
  138  18:51  Marine x2  
  144  18:56  SCV x2  
  139  19:03  Marine x7  
  139  19:07  Marine, Viking x2  
  139  19:09  Marine x2  
  141  19:20  Marine x2  
  141  19:21  Marine x4  
  148  19:27  SCV x3  
  148  19:28  SCV  
  147  19:38  Raven  
  149  19:40  Refinery  
  146  19:50  Raven  
  146  19:51  Viking x2  
  151  19:56  Orbital Command, Terran Vehicle And Ship Armor Level 2  
  148  20:06  SCV x4  
  152  20:10  Refinery  
  152  20:14  Refinery  
  152  20:18  SCV  
  153  20:21  Sensor Tower  
  153  20:25  Viking x2  
  157  20:30  Terran Ship Weapons Level 2  
  137  20:50  Viking x2  
  137  20:55  Viking x2  
  138  21:01  Siege Tank x2  
  138  21:02  Refinery  
  144  21:06  SCV x3  
  144  21:07  SCV  
  144  21:08  SCV  
  144  21:09  Refinery  
  149  21:16  Sensor Tower  
  149  21:18  SCV  
  150  21:20  Medivac  
  150  21:22  Starport  
  150  21:23  Starport  
  152  21:26  SCV x4  
  152  21:30  SCV  
  157  21:34  Siege Tank  
  157  21:35  Siege Tank  
  157  21:38  SCV x2  
  157  21:39  Medivac x2  
  169  21:51  Liberator x2  
  174  22:03  SCV x2  
  174  22:05  Sensor Tower  
  172  22:23  Terran Vehicle And Ship Armor Level 3  
  169  22:31  Starport Tech Lab x2  
  169  22:34  Raven x2  
  173  22:38  Missile Turret x2  
  173  22:41  Command Center  
  173  22:42  Command Center  
  170  22:45  Command Center  
  170  22:48  Siege Tank  
  172  23:06  Battlecruiser x2  
  172  23:09  Terran Ship Weapons Level 3  
  184  23:16  Viking x2  
  184  23:17  Viking x2  
  166  23:39  Marine  
  166  23:40  Marine x9  
  149  23:45  Missile Turret  
  149  23:46  Viking x2  
  146  23:57  Marine x3  
  146  23:58  Marine x4  
  146  24:01  Raven x2  
  157  24:08  Orbital Command x3  
  157  24:09  Missile Turret  
  157  24:10  Viking x2  
  157  24:14  Weapon Refit  
  157  24:16  Viking x2  
  165  24:25  Smart Servos  
  165  24:40  Viking  
  165  24:41  Raven  
  165  24:44  Raven x2  
  169  25:00  Terran Vehicle Weapons Level 3  
  166  25:10  Raven  
  168  25:24  Battlecruiser  
  168  25:27  Battlecruiser  
  174  25:29  Viking x3  
  175  25:53  Viking  
  167  25:59  Viking x2  
  165  26:23  Viking  
  167  26:28  Viking, Raven  
  167  26:30  Viking x2  
  167  26:31  Raven  
  175  26:38  Siege Tank x2  
  181  26:52  Starport  
  181  26:53  Raven  
  181  26:54  Starport  
  183  27:10  Siege Tank x2  
  189  27:29  Battlecruiser  
  190  27:37  Battlecruiser  
  190  27:39  Battlecruiser  
  190  27:40  Battlecruiser  
  175  28:20  Viking x2  
  173  28:33  Battlecruiser  
  170  28:36  Missile Turret  
  170  28:41  Battlecruiser  
  170  28:43  Viking x2  
  175  28:51  Thor x2  
  187  29:14  Viking x2  
  187  29:15  Viking x2  
  169  29:31  Marine x7  
  153  29:32  Marine x3  
  153  29:34  Siege Tank  
  157  29:49  Marine x9  
  157  29:50  Marine  
  163  30:03  Raven x3  
  163  30:06  Marine  
  163  30:07  Marine x3  
  170  30:09  Marine x3  
  170  30:10  Marine x2  
  170  30:13  Marine  
  174  30:24  Marine x3  
  147  30:31  Siege Tank  
  147  30:33  Marine x4  
  147  30:34  Marine x3  
  151  30:39  Orbital Command  
  151  30:42  Marine x3  
  145  30:51  Marine x6  
  145  30:52  Marine  
  150  31:00  Marine x3  
  153  31:08  Raven  
  153  31:09  Marine x7  
  162  31:18  Marine x3  
  161  31:27  Marine x7  
  134  31:35  Marine  
  134  31:36  Marine x2  
  110  31:41  Siege Tank  
  110  31:44  Marine x2  
  110  31:45  Marine x5  
  116  31:49  Barracks  
  116  31:51  Barracks  
  116  31:53  Marine x2, Barracks  
  116  31:54  Marine  
  116  32:02  Marine x3  
  116  32:03  Marine x4  
  116  32:07  Missile Turret  
  118  32:09  Barracks x2  
  118  32:11  Marine x3  
  111  32:20  Marine x5  
  111  32:21  Marine x2  

Tags
 
Add a new tag
Caveats
  • Supply blocks, unpowered buildings, or Contaminate may cause inaccurate times.
  • Supply counts are checked every 10 seconds.